Map: Romanticide LE

Players

DPGRogue (Rogue) - Winner!

  • Race: Zerg Zerg

Nice

  • Race: Protoss Protoss

Event: DreamHack SC2 Masters 2021 Summer

VOD

Have the link to the VOD?

Description

Time

  • Played on: July 2, 2021, 12:50 p.m.
  • Length: 30:48

All games in this series

Show
View Real Time Build Order
Export as new Build Order

DPGRogue Zerg - Winner!

Build Orders: Pool First, Brood Lord Corruptor 

Get SALT Encoding   

  12  0:00  Drone  
  13  0:12  Overlord  
  13  0:16  Drone  
  14  0:31  Drone x2  
  16  0:41  Spawning Pool  
  15  0:43  Drone  
  15  0:47  Drone  
  17  1:11  Drone  
  18  1:12  Hatchery  
  17  1:25  Extractor  
  17  1:27  Zergling x2  
  17  1:28  Queen, Zergling x2  
  17  1:32  Drone  
  21  1:42  Overlord  
  21  1:54  Drone  
  22  2:02  Drone  
  22  2:05  Queen  
  25  2:12  Drone  
  26  2:22  Drone  
  27  2:25  Hatchery  
  26  2:30  Metabolic Boost  
  26  2:36  Drone  
  27  2:38  Drone  
  27  2:41  Drone  
  29  2:45  Drone x2  
  29  2:50  Drone  
  32  2:56  Queen  
  34  3:01  Overlord  
  34  3:03  Drone  
  35  3:08  Drone  
  36  3:19  Drone  
  37  3:20  Drone x5  
  37  3:24  Queen  
  44  3:28  Overlord  
  44  3:32  Overlord  
  44  3:39  Queen  
  45  3:41  Drone  
  45  3:43  Drone  
  45  3:44  Drone  
  48  3:48  Drone x3  
  48  3:51  Drone x2  
  48  3:55  Drone x2  
  55  4:00  Drone  
  56  4:04  Queen, Spore Crawler  
  57  4:10  Overlord  
  57  4:12  Spore Crawler  
  57  4:14  Spore Crawler  
  57  4:15  Queen  
  57  4:23  Overlord  
  57  4:29  Drone x7  
  57  4:31  Drone  
  65  4:34  Drone, Roach Warren  
  65  4:37  Overlord  
  65  4:40  Lair  
  65  4:43  Extractor  
  64  4:46  Queen  
  64  4:47  Drone x2  
  64  4:48  Drone  
  64  4:50  Drone x2  
  71  4:54  Extractor  
  71  4:56  Zergling x6  
  71  4:57  Zergling x2  
  71  4:59  Zergling x2  
  75  5:01  Drone x2  
  75  5:02  Extractor  
  75  5:03  Drone  
  77  5:07  Overlord  
  77  5:08  Drone  
  77  5:10  Extractor  
  77  5:11  Overlord  
  77  5:12  Drone, Evolution Chamber  
  77  5:15  Overlord  
  77  5:16  Drone  
  77  5:19  Extractor  
  77  5:20  Drone x3  
  80  5:22  Drone  
  80  5:25  Overlord  
  80  5:28  Drone x4  
  85  5:38  Hatchery  
  85  5:40  Overseer  
  85  5:42  Pneumatized Carapace  
  84  5:47  Drone x5  
  84  5:49  Drone x2  
  92  5:50  Drone  
  92  5:56  Zerg Missile Weapons Level 1, Glial Reconstitution  
  92  6:00  Overlord  
  92  6:06  Overlord  
  92  6:12  Overlord  
  92  6:21  Spire  
  92  6:23  Infestation Pit  
  92  6:25  Drone x15  
  105  6:27  Drone  
  106  6:35  Hatchery  
  106  6:38  Queen  
  107  6:41  Drone x4  
  107  6:42  Drone  
  107  6:46  Overlord  
  112  6:49  Overlord  
  112  6:53  Extractor  
  112  6:54  Extractor  
  110  7:00  Drone, Hive  
  110  7:09  Hatchery  
  110  7:15  Pathogen Glands  
  109  7:17  Drone  
  109  7:18  Drone  
  109  7:19  Drone  
  109  7:20  Drone x4  
  116  7:26  Drone x2  
  116  7:27  Drone x2  
  120  7:32  Spore Crawler  
  120  7:33  Spore Crawler x4  
  120  7:34  Spore Crawler  
  120  7:36  Spore Crawler  
  113  7:38  Spore Crawler  
  113  7:43  Drone x3  
  115  7:44  Corruptor  
  115  7:45  Corruptor x7  
  115  7:48  Corruptor  
  133  7:51  Corruptor  
  133  7:56  Zerg Flyer Weapons Level 1  
  135  8:00  Overseer  
  135  8:01  Spore Crawler x3  
  135  8:02  Infestor x2  
  135  8:04  Infestor  
  135  8:05  Infestor, Spore Crawler  
  137  8:06  Spore Crawler  
  137  8:07  Infestor  
  137  8:08  Infestor  
  137  8:12  Drone x2  
  144  8:18  Drone x3  
  147  8:20  Spore Crawler x3  
  147  8:25  Viper  
  147  8:26  Viper  
  150  8:32  Drone  
  150  8:33  Drone x3  
  150  8:34  Drone x7, Spore Crawler  
  155  8:35  Spore Crawler  
  155  8:41  Drone  
  160  8:43  Drone, Spire  
  160  8:44  Drone x2, Overlord  
  160  8:47  Overlord  
  162  8:49  Overlord  
  162  8:54  Extractor x2  
  160  8:56  Spore Crawler  
  160  8:57  Spore Crawler  
  160  8:58  Corruptor x2  
  160  9:00  Drone  
  163  9:09  Corruptor  
  163  9:10  Corruptor x2  
  163  9:13  Spore Crawler x2  
  163  9:14  Zerg Melee Weapons Level 1, Spore Crawler  
  163  9:16  Evolution Chamber  
  165  9:20  Ultralisk Cavern  
  165  9:21  Zergling x14  
  171  9:25  Drone  
  171  9:29  Spore Crawler x3  
  171  9:31  Spore Crawler  
  168  9:32  Spore Crawler  
  168  9:33  Drone  
  168  9:34  Drone x5  
  168  9:36  Overlord  
  173  9:41  Adrenal Glands  
  173  9:42  Neural Parasite  
  171  9:46  Zerg Ground Armor Level 1  
  171  9:54  Overseer  
  171  9:55  Drone  
  171  9:56  Drone x3  
  175  10:02  Spore Crawler  
  175  10:03  Spore Crawler  
  175  10:04  Zerg Flyer Weapons Level 2, Spore Crawler  
  175  10:05  Greater Spire  
  172  10:07  Drone x2  
  172  10:10  Spore Crawler  
  172  10:11  Spore Crawler  
  172  10:12  Chitinous Plating  
  172  10:13  Spore Crawler x2  
  170  10:17  Corruptor x2  
  170  10:19  Zergling x4  
  176  10:28  Corruptor x3  
  176  10:36  Baneling Nest, Burrow  
  175  10:46  Spore Crawler  
  175  10:47  Spore Crawler  
  175  10:48  Spore Crawler  
  175  10:49  Spore Crawler x2  
  170  10:50  Drone x3, Spore Crawler  
  170  10:51  Drone  
  173  10:57  Overlord  
  173  10:59  Overlord  
  173  11:01  Drone x4  
  173  11:03  Spine Crawler  
  176  11:06  Spine Crawler x3  
  176  11:10  Spine Crawler, Zerg Melee Weapons Level 2  
  172  11:21  Brood Lord  
  172  11:22  Brood Lord x6  
  172  11:24  Brood Lord  
  188  11:27  Overseer  
  188  11:28  Overseer x4  
  188  11:29  Overseer  
  188  11:31  Anabolic Synthesis  
  188  11:35  Drone x3  
  188  11:37  Spore Crawler  
  188  11:39  Spore Crawler  
  189  11:40  Spore Crawler  
  189  11:41  Zerg Ground Armor Level 2, Spore Crawler  
  187  11:49  Centrifical Hooks  
  187  11:50  Drone  
  187  11:51  Drone  
  187  11:52  Drone  
  190  12:02  Hatchery  
  189  12:12  Corruptor  
  189  12:13  Corruptor x4  
  199  12:23  Spine Crawler x3  
  199  12:25  Spine Crawler  
  199  12:26  Spine Crawler  
  199  12:27  Spine Crawler x3  
  191  12:31  Zerg Flyer Weapons Level 3  
  191  12:32  Zerg Flyer Armor Level 1  
  191  12:37  Corruptor x2  
  191  12:39  Drone x3  
  198  12:46  Drone  
  192  13:07  Drone x7  
  192  13:11  Overseer x4  
  199  13:16  Drone x3  
  200  13:22  Spore Crawler x4  
  200  13:24  Spore Crawler x2  
  200  13:25  Spore Crawler x2  
  192  13:34  Corruptor x4  
  192  13:35  Extractor  
  192  13:36  Extractor  
  192  13:40  Corruptor  
  200  13:58  Spore Crawler  
  200  13:59  Spore Crawler  
  200  14:00  Spore Crawler  
  200  14:02  Spore Crawler  
  196  14:04  Viper  
  199  14:18  Drone  
  199  14:19  Spore Crawler  
  199  14:20  Drone, Spore Crawler x2  
  199  14:22  Zerg Melee Weapons Level 3, Zerg Ground Armor Level 3  
  197  14:26  Drone x3  
  200  14:44  Overlord x2  
  198  15:12  Corruptor x4  
  200  15:30  Zerg Flyer Armor Level 2  
  200  16:02  Overseer x2  
  200  16:03  Spore Crawler  
  199  16:04  Spore Crawler, Overseer  
  199  16:05  Spore Crawler  
  199  16:06  Spore Crawler  
  199  16:07  Spore Crawler x2, Corruptor  
  199  16:08  Corruptor x2  
  200  16:22  Overseer  
  200  16:50  Overseer  
  200  16:59  Zerg Missile Weapons Level 2  
  200  17:09  Spore Crawler x3  
  197  17:16  Corruptor  
  199  17:27  Drone  
  200  17:31  Spore Crawler x3  
  200  17:32  Spore Crawler  
  200  17:34  Spore Crawler x3  
  200  17:35  Spore Crawler x2  
  191  17:44  Drone  
  191  17:45  Drone x8  
  200  18:32  Spore Crawler  
  200  18:33  Spore Crawler x2  
  197  18:34  Spore Crawler  
  197  18:35  Spore Crawler x3  
  197  18:36  Spore Crawler  
  192  19:00  Zergling x16  
  200  19:20  Spore Crawler x2  
  200  19:21  Spore Crawler x4  
  200  19:22  Spore Crawler x4  
  200  19:24  Spore Crawler  
  189  19:26  Spore Crawler  
  188  19:33  Viper  
  188  19:36  Spore Crawler  
  188  19:37  Spore Crawler  
  188  19:38  Drone x12, Spore Crawler  
  200  19:50  Spore Crawler x2  
  200  19:51  Spore Crawler  
  197  20:03  Spore Crawler x2  
  197  20:05  Spore Crawler  
  194  20:15  Hatchery, Spore Crawler  
  194  20:16  Spore Crawler x2  
  194  20:17  Spore Crawler  
  194  20:21  Corruptor x5  
  199  21:05  Drone  
  199  21:11  Zergling x2  
  193  21:25  Spore Crawler x2, Corruptor x4  
  194  21:26  Spore Crawler  
  194  21:27  Spore Crawler x3  
  194  21:28  Drone  
  194  21:29  Drone x4  
  194  21:31  Zerg Missile Weapons Level 3  
  194  21:32  Zerg Flyer Armor Level 3  
  200  21:42  Spore Crawler x3  
  200  21:44  Spore Crawler  
  159  22:19  Overlord  
  153  22:25  Corruptor x2  
  153  22:26  Corruptor x15  
  174  22:35  Corruptor  
  174  22:36  Corruptor x9  
  184  22:39  Drone x8  
  192  22:46  Overlord  
  192  22:56  Spore Crawler  
  192  22:57  Spore Crawler x3  
  192  22:58  Spore Crawler  
  187  22:59  Spore Crawler, Viper x2  
  192  23:08  Infestor x4  
  192  23:11  Overseer  
  200  23:36  Overseer  
  200  23:37  Unknown  
  199  23:50  Spore Crawler  
  199  23:51  Spore Crawler  
  199  23:53  Drone x2  
  199  23:58  Drone  
  200  24:09  Hatchery  
  199  24:11  Spore Crawler  
  199  24:12  Spore Crawler x3  
  199  24:14  Spore Crawler  
  199  24:16  Drone  
  195  24:24  Drone x2  
  195  24:26  Drone  
  195  24:27  Drone x2  
  200  24:45  Spore Crawler  
  200  24:46  Spore Crawler  
  200  24:47  Spore Crawler x3  
  200  24:48  Spore Crawler x2  
  200  24:49  Spore Crawler  
  192  24:56  Spore Crawler  
  191  25:10  Corruptor  
  191  25:11  Corruptor x3  
  187  25:49  Corruptor x2  
  168  25:50  Corruptor x9  
  168  25:53  Overlord  
  187  26:03  Infestor x6  
  188  26:05  Corruptor  
  188  26:11  Corruptor x6  
  188  26:25  Corruptor x11  
  172  26:26  Corruptor x2  
  178  26:41  Ultralisk  
  178  26:42  Ultralisk x2  
  188  26:50  Drone x4  
  188  26:51  Drone x6  
  196  27:04  Drone  
  196  27:05  Drone  
  198  27:09  Infestor x4  
  198  27:34  Overlord  
  184  27:51  Viper x3  
  184  27:52  Viper x2  
  199  27:59  Overseer  
  199  28:01  Drone  
  200  28:32  Spore Crawler x3  
  200  28:33  Spore Crawler  
  196  28:34  Spore Crawler x2  
  196  28:39  Drone  
  196  28:40  Drone x5  
  200  28:47  Spore Crawler  
  199  28:49  Spore Crawler x2  
  199  28:50  Spore Crawler  
  199  28:51  Spore Crawler  
  195  28:58  Spore Crawler  
  194  29:16  Corruptor  
  194  29:17  Corruptor x2  
  200  29:28  Overseer  
  181  29:53  Overlord  
  174  30:00  Corruptor x4  
  180  30:12  Corruptor x4  
Show
View Real Time Build Order
Export as new Build Order

Nice Protoss 

Build Orders: 1 Gate Expand, Oracle Opening, Carriers 

Get SALT Encoding   

  12  0:00  Probe  
  13  0:12  Probe  
  14  0:19  Pylon  
  14  0:24  Probe  
  15  0:37  Probe (Chrono Boost)  
  15  0:42  Gateway  
  17  0:50  Probe (Chrono Boost)  
  17  0:51  Assimilator  
  17  0:55  Probe (Chrono Boost)  
  18  1:04  Probe  
  19  1:16  Probe  
  20  1:29  Cybernetics Core  
  20  1:37  Nexus  
  20  1:43  Pylon  
  20  1:49  Assimilator  
  20  1:51  Probe  
  21  2:02  Adept (Chrono Boost)  
  21  2:03  Probe  
  24  2:15  Probe  
  25  2:25  Adept  
  25  2:27  Probe (Chrono Boost)  
  28  2:37  Stargate  
  28  2:38  Warp Gate  
  28  2:39  Probe (Chrono Boost)  
  29  2:48  Probe (Chrono Boost)  
  31  2:51  Probe (Chrono Boost)  
  32  2:59  Probe x2 (Chrono Boost)  
  32  3:04  Probe (Chrono Boost)  
  34  3:05  Probe  
  34  3:10  Pylon  
  36  3:15  Void Ray (Chrono Boost)  
  36  3:16  Probe  
  36  3:17  Probe  
  40  3:28  Probe, Gateway  
  40  3:31  Pylon  
  40  3:32  Probe  
  42  3:40  Probe  
  43  3:44  Probe  
  43  3:48  Oracle (Chrono Boost)  
  44  3:52  Probe  
  48  3:56  Probe  
  49  4:04  Probe  
  49  4:05  Nexus  
  49  4:06  Pylon  
  49  4:09  Probe  
  51  4:15  Pylon, Void Ray  
  51  4:16  Probe  
  52  4:22  Probe  
  57  4:26  Assimilator  
  57  4:28  Assimilator  
  57  4:33  Probe, Pylon  
  58  4:41  Pylon  
  58  4:43  Probe (Chrono Boost)  
  59  4:45  Probe (Chrono Boost)  
  59  4:52  Void Ray  
  61  4:54  Probe (Chrono Boost)  
  61  4:56  Probe (Chrono Boost)  
  66  5:02  Probe (Chrono Boost), Stargate  
  66  5:04  Probe (Chrono Boost)  
  68  5:07  Forge  
  68  5:12  Shield Battery  
  70  5:15  Probe (Chrono Boost)  
  70  5:18  Probe (Chrono Boost)  
  71  5:22  Probe (Chrono Boost), Shield Battery  
  71  5:24  Probe (Chrono Boost)  
  73  5:29  Void Ray  
  73  5:30  Probe x2 (Chrono Boost)  
  73  5:32  Probe (Chrono Boost)  
  73  5:33  Robotics Facility  
  79  5:37  Probe  
  79  5:38  Probe  
  79  5:40  Pylon  
  79  5:42  Probe, Void Ray  
  82  5:49  Probe  
  83  5:51  Probe  
  83  5:52  Assimilator  
  83  5:53  Assimilator  
  83  5:54  Probe  
  85  6:01  Probe  
  85  6:03  Probe  
  87  6:06  Probe, Void Ray  
  88  6:14  Probe, Photon Cannon, Pylon  
  88  6:16  Photon Cannon  
  88  6:17  Protoss Air Weapons Level 1 (Chrono Boost)  
  93  6:22  Photon Cannon  
  93  6:23  Observer (Chrono Boost)  
  94  6:27  Robotics Bay  
  94  6:31  Stargate  
  94  6:34  Void Ray  
  94  6:38  Pylon  
  98  6:43  Void Ray  
  98  6:53  Photon Cannon  
  102  6:57  Nexus  
  102  6:58  Pylon  
  102  7:03  Probe x3, Disruptor  
  105  7:08  Fleet Beacon  
  105  7:15  Probe x3  
  110  7:18  Void Ray  
  111  7:25  Void Ray  
  111  7:27  Probe x3, Shield Battery  
  111  7:28  Photon Cannon  
  118  7:32  Assimilator  
  118  7:37  Assimilator  
  122  7:39  Probe x2  
  122  7:40  Probe  
  125  7:46  Disruptor  
  125  7:49  Pylon  
  128  7:51  Probe x2  
  128  7:52  Probe  
  128  7:54  Carrier (Chrono Boost), Flux Vanes  
  137  8:03  Probe  
  137  8:04  Probe x2  
  140  8:14  Probe  
  140  8:15  Probe  
  140  8:16  Probe  
  149  8:20  Photon Cannon  
  149  8:21  Photon Cannon  
  149  8:24  Photon Cannon, Carrier (Chrono Boost)  
  149  8:25  Observer  
  149  8:26  Shield Battery  
  155  8:36  Carrier (Chrono Boost)  
  155  8:44  Protoss Air Weapons Level 2 (Chrono Boost)  
  155  8:52  Carrier (Chrono Boost)  
  155  8:54  Pylon  
  161  9:00  Gateway  
  161  9:01  Gateway  
  161  9:04  Stargate  
  161  9:07  Photon Cannon  
  161  9:08  Shield Battery  
  161  9:10  Pylon  
  161  9:11  Carrier (Chrono Boost)  
  167  9:17  Pylon  
  167  9:19  Shield Battery  
  167  9:25  Carrier (Chrono Boost)  
  172  9:45  Gateway, Pylon  
  172  9:47  Gateway x2  
  172  9:48  Pylon  
  172  9:51  Twilight Council, Nexus  
  172  9:52  Pylon  
  172  9:53  Mothership (Chrono Boost)  
  172  9:54  Pylon  
  172  9:56  Pylon  
  186  10:04  Carrier (Chrono Boost)  
  186  10:13  Photon Cannon  
  186  10:15  Photon Cannon  
  186  10:17  Photon Cannon  
  186  10:19  Photon Cannon  
  192  10:21  Photon Cannon  
  192  10:23  Shield Battery  
  192  10:25  Shield Battery  
  192  10:27  Assimilator  
  192  10:28  Carrier (Chrono Boost)  
  186  10:30  Carrier (Chrono Boost)  
  186  10:31  Assimilator  
  186  10:32  Observer  
  186  10:33  Carrier (Chrono Boost)  
  199  10:52  Photon Cannon  
  199  10:54  Photon Cannon  
  199  10:55  Shield Battery  
  199  10:57  Shield Battery  
  199  10:59  Photon Cannon, Pylon  
  199  11:00  Charge  
  199  11:03  Gravitic Boosters (Chrono Boost), Pylon  
  199  11:10  Protoss Ground Weapons Level 1 (Chrono Boost), Cybernetics Core  
  199  11:17  Templar Archives  
  199  11:19  Gateway, Forge  
  199  11:26  Protoss Air Weapons Level 3 (Chrono Boost)  
  195  11:51  Psionic Storm  
  195  11:52  Protoss Shields Level 1 (Chrono Boost)  
  198  11:55  Carrier (Chrono Boost)  
  195  12:10  Protoss Air Armor Level 1 (Chrono Boost)  
  195  12:11  Photon Cannon  
  195  12:13  Photon Cannon  
  195  12:14  Void Ray (Chrono Boost)  
  195  12:15  Photon Cannon  
  200  12:16  Shield Battery  
  200  12:18  Pylon  
  200  12:23  Carrier (Chrono Boost)  
  197  12:45  High Templar x2  
  200  13:18  Photon Cannon  
  200  13:20  Photon Cannon, Shield Battery, Protoss Ground Weapons Level 2 (Chrono Boost)  
  200  13:21  Pylon  
  200  13:29  Nexus  
  200  13:30  Pylon  
  200  13:34  Assimilator  
  200  13:36  Assimilator  
  200  13:38  Pylon  
  200  13:43  Mothership (Chrono Boost)  
  200  13:56  Photon Cannon  
  200  13:58  Photon Cannon  
  200  13:59  Photon Cannon  
  200  14:01  Photon Cannon  
  200  14:02  Photon Cannon  
  200  14:05  Shield Battery  
  200  14:07  Shield Battery  
  200  14:24  Protoss Air Armor Level 2 (Chrono Boost)  
  200  14:25  Protoss Shields Level 2 (Chrono Boost)  
  200  14:28  Photon Cannon  
  200  14:29  Photon Cannon  
  200  14:30  Photon Cannon  
  200  14:31  Shield Battery  
  200  14:32  Shield Battery  
  200  14:35  Blink  
  200  14:39  Pylon  
  200  15:12  Carrier  
  199  15:34  Observer  
  200  15:45  Gateway, Protoss Ground Weapons Level 3 (Chrono Boost)  
  200  15:48  Gateway  
  200  15:51  Gateway  
  200  15:56  Gateway  
  200  15:58  Gateway  
  200  16:01  Gateway  
  200  16:06  Gateway  
  199  16:24  Observer  
  200  16:39  Protoss Air Armor Level 3 (Chrono Boost)  
  200  17:57  Unknown  
  186  18:10  Mothership (Chrono Boost)  
  183  18:18  Carrier  
  197  18:21  Protoss Ground Armor Level 1  
  197  18:22  Pylon  
  197  18:25  Pylon  
  197  18:40  Pylon  
  197  18:44  Stargate  
  197  18:47  Dark Shrine  
  197  18:49  Stargate  
  197  18:51  Stargate  
  197  18:53  Stargate  
  185  18:56  Stargate  
  185  18:58  Carrier x2  
  185  19:00  Pylon  
  197  19:19  Void Ray  
  200  19:52  Void Ray (Chrono Boost)  
  200  19:56  Protoss Shields Level 3 (Chrono Boost)  
  200  19:59  Void Ray (Chrono Boost)  
  200  20:04  Pylon  
  200  20:50  Pylon  
  200  20:52  Assimilator  
  200  20:53  Protoss Ground Armor Level 2 (Chrono Boost)  
  200  20:55  Assimilator  
  200  21:01  Templar Archives  
  200  21:13  Photon Cannon  
  200  21:15  Photon Cannon  
  200  21:21  Shield Battery  
  200  21:23  Shield Battery  
  200  21:24  Photon Cannon  
  200  21:26  Shield Battery  
  200  21:28  Shield Battery  
  200  21:29  Shield Battery  
  200  21:31  Shield Battery  
  200  21:34  Pylon  
  200  21:35  Photon Cannon  
  200  21:45  Pylon  
  200  21:47  Shield Battery  
  191  22:04  Void Ray (Chrono Boost)  
  191  22:05  Void Ray x3 (Chrono Boost)  
  191  22:06  Void Ray x3 (Chrono Boost)  
  191  22:07  Void Ray x2 (Chrono Boost)  
  140  22:39  Void Ray (Chrono Boost)  
  140  22:40  Mothership (Chrono Boost)  
  140  22:42  Carrier x3 (Chrono Boost)  
  140  22:43  Carrier (Chrono Boost)  
  185  22:53  Carrier (Chrono Boost), Void Ray x2 (Chrono Boost)  
  185  22:56  Carrier (Chrono Boost)  
  185  23:07  Protoss Ground Armor Level 3 (Chrono Boost)  
  187  23:13  Carrier (Chrono Boost)  
  177  23:24  Carrier (Chrono Boost)  
  183  23:32  Observer  
  184  23:43  Carrier (Chrono Boost)  
  199  23:53  Carrier x2 (Chrono Boost)  
  199  23:54  Observer  
  199  24:02  Void Ray (Chrono Boost)  
  195  24:16  Observer, Void Ray x2 (Chrono Boost)  
  189  24:20  Void Ray (Chrono Boost)  
  200  24:37  Void Ray (Chrono Boost)  
  191  25:46  Void Ray x4  
  191  25:47  Void Ray  
  179  25:52  Void Ray  
  197  26:09  Void Ray  
  197  26:17  Void Ray x2  
  189  26:23  Void Ray  
  180  26:30  Stalker x3  
  180  26:31  Stalker x5  
  180  26:32  Stalker x4  
  190  26:33  Stalker x2  
  190  26:36  Void Ray (Chrono Boost)  
  190  26:37  Void Ray (Chrono Boost)  
  173  26:40  Void Ray (Chrono Boost)  
  173  26:41  Void Ray (Chrono Boost)  
  161  26:50  Void Ray x2 (Chrono Boost)  
  167  27:08  Carrier (Chrono Boost)  
  185  27:17  Observer  
  185  27:18  Carrier (Chrono Boost)  
  185  27:19  Carrier (Chrono Boost)  
  186  27:36  Carrier (Chrono Boost)  
  198  27:38  Observer  
  193  27:44  Carrier (Chrono Boost)  
  193  27:47  Carrier x2 (Chrono Boost)  
  193  27:55  Carrier (Chrono Boost)  
  193  27:56  Observer  
  199  28:01  Carrier (Chrono Boost)  
  196  28:08  Void Ray (Chrono Boost)  
  200  29:42  Void Ray x3  
  200  29:43  Void Ray  
  200  29:45  Void Ray  
  192  30:02  Zealot x5  
  192  30:03  Zealot  
Tags
 
Add a new tag
Caveats
  • Supply blocks, unpowered buildings, or Contaminate may cause inaccurate times.
  • Supply counts are checked every 10 seconds.